 Dungeon Crawl Stone Soup version 0.20.1-1-g8b1a95d (webtiles) character file.

61 Alelolelolen the Insei (level 4, -6/28 HPs)
             Began as an Octopode Transmuter on Oct 25, 2017.
             Mangled by Tr0llz0r's ghost (11 damage)
             ... on level 3 of the Dungeon.
             The game lasted 00:02:48 (2541 turns).

Alelolelolen the Insei (Octopode Transmuter)        Turns: 2541, Time: 00:02:48

Health: -6/28      AC:  1    Str:  9    XL:     4   Next: 7%
Magic:  5/7        EV: 13    Int: 16    God:
Gold:   151        SH:  0    Dex: 12    Spells: 3/7 levels left

rFire    . . .     SeeInvis .     - Unarmed
rCold    . . .     Gourm    .   (no shield)
rNeg     . . .     Faith    .   (helmet restricted)
rPois    .         Spirit   .   (no amulet)
rElec    .         Reflect  .   (no ring)
rCorr    .         Harm     .   (no ring)
MR       .....                  (no ring)
Stlth    +++.......             (no ring)
Regen    0.1/turn               (no ring)
MPRegen  0.1/turn               (no ring)
                                (no ring)
                                (no ring)

@: no status effects
A: almost no armour, stealthy swim, amphibious, 8 rings, constrict 8, camouflage
1, gelatinous body 1
a: no special abilities


You were on level 3 of the Dungeon.
You were very hungry.

You visited 1 branch of the dungeon, and saw 3 of its levels.

You collected 151 gold pieces.

Inventory:

Missiles
 a - 58 arrows
Scrolls
 d - 3 scrolls of identify {unknown}
 e - a scroll of enchant weapon {unknown}
 f - 2 scrolls of remove curse {unknown}
 g - a scroll of random uselessness {unknown}
 h - a scroll of noise {unknown}
 n - a scroll of blinking {unknown}
Potions
 i - a potion of curing {unknown}
 j - a potion of heal wounds {unknown}
 k - a potion of berserk rage {unknown}
 l - a potion of degeneration {unknown}
Books
 b - a book of Changes

   Spells                             Type                      Level
   a - Beastly Appendage              Transmutation                1
   b - Sticks to Snakes               Transmutation                2
   c - Spider Form                    Transmutation/Poison         3
   d - Ice Form                       Ice/Transmutation            4
   e - Blade Hands                    Transmutation                5
Comestibles
 c - 4 bread rations
 m - 2 meat rations
 o - a fruit


   Skills:
 + Level 1.0 Fighting
 + Level 2.2 Dodging
 * Level 1.5 Stealth
 * Level 4.0 Unarmed Combat
 + Level 2.2 Spellcasting
 * Level 2.4 Transmutations


You had 3 spell levels left.
You knew the following spells:

 Your Spells              Type           Power        Failure   Level  Hunger
a - Beastly Appendage     Tmut           #.....       8%          1    #......
b - Spider Form           Tmut/Pois      #.........   36%         3    ###....


Dungeon Overview and Level Annotations

Branches:
Dungeon (3/15)

Altars:

Annotations:
D:3 Tr0llz0r's ghost, amateur HOFi


Innate Abilities, Weirdness & Mutations

You cannot wear most types of armour.
You are very stealthy in the water. (Stealth+)
You are amphibious.
You can wear up to eight rings at the same time.
You can use your tentacles to constrict eight enemies at once.
Your skin changes colour to match your surroundings (Stealth+).
Your rubbery body absorbs attacks. (AC +1, EV +1)


Message History

You hit Tr0llz0r's ghost but do no damage.
Tr0llz0r's ghost is moderately damaged.
You kill the ball python!
Tr0llz0r's ghost barely misses you.
You hit Tr0llz0r's ghost.
Tr0llz0r's ghost is moderately damaged.
Tr0llz0r's ghost closely misses you.
You hit Tr0llz0r's ghost.
Tr0llz0r's ghost is moderately damaged.
Tr0llz0r's ghost closely misses you.
A dart slug comes into view.
You hit Tr0llz0r's ghost but do no damage.
Tr0llz0r's ghost is moderately damaged.
Your transformation has ended.
Tr0llz0r's ghost hits you!
* * * LOW HITPOINT WARNING * * *
You closely miss Tr0llz0r's ghost.
Tr0llz0r's ghost is moderately damaged.
Tr0llz0r's ghost hits you!
You die...

.
#.#..#...
#.#.....w.
.#...#..
....#.#
.....
...##
#W>.#
#@#.#
#...#
###......#
###....
###


You could see Tr0llz0r's ghost and a dart slug.

Vanquished Creatures
  A gnoll (D:1)
  2 adders
  A leopard gecko (D:1)
  3 ball pythons
  6 goblins
  3 hobgoblins
  5 kobolds (D:1)
  3 bats
  3 frilled lizards (D:1)
  8 rats
  A bush (D:1)
  3 plants (D:1)
39 creatures vanquished.

Notes
Turn   | Place    | Note
-------+----------+-------------------------------------------
     0 | D:1      | Alelolelolen the Octopode Transmuter began the quest for the Orb.
     0 | D:1      | Reached XP level 1. HP: 13/13 MP: 3/3
   228 | D:1      | Reached XP level 2. HP: 15/18 MP: 3/5
   325 | D:1      | Reached skill level 1 in Stealth
   328 | D:1      | Reached XP level 3. HP: 17/23 MP: 4/6
   418 | D:1      | Learned a level 3 spell: Spider Form
  1730 | D:2      | Reached skill level 4 in Unarmed Combat
  1899 | D:3      | Reached XP level 4. HP: 13/28 MP: 7/7
  2131 | D:3      | Noticed Tr0llz0r's ghost (amateur HOFi)
  2541 | D:3      | Mangled by Tr0llz0r's ghost

Skill      XL: |  1  2  3 |
---------------+----------+-----
Stealth        | 1 |  1.5
Unarmed Combat | 4 |  4.0
Fighting       | |  1.0
Dodging        | |  2.2
Spellcasting   | |  2.2
Transmutations | |  2.4

Action                   |  1- 3 |  4- 6 || total
-------------------------+-------+-------++-------
Melee: Unarmed           |   278 |    17 ||   295
       Constrict         |    17 |       ||    17
       Tentacles         |    64 |       ||    64
       Kick              |     1 |       ||     1
       Punch             |    12 |       ||    12
 Cast: Beastly Appendage |     3 |       ||     3
       Spider Form       |     2 |     2 ||     4
 Stab: Sleeping          |     2 |     1 ||     3
  Eat: Meat ration       |     1 |       ||     1
Armor: Skin              |     5 |       ||     5
Dodge: Dodged            |    54 |    18 ||    72
